 Dungeon Crawl Stone Soup version 0.31-a0-1321-g5021b54cb2 (webtiles) character file.

Game seed: 8024135623795354310

478 Curundu the Slasher (level 6, 0/56 HPs)
             Began as a Minotaur Berserker on Dec 20, 2023.
             Was a Priest of Trog.
             Succumbed to a water moccasin's poison
             ... on level 5 of the Dungeon.
             The game lasted 00:10:18 (3878 turns).

Curundu the Slasher (Minotaur Berserker)            Turns: 3878, Time: 00:10:18

Health: 0/56       AC: 13    Str: 30    XL:     6   Next: 85%
Magic:  5/5        EV:  8    Int:  4    God:    Trog [***...]
Gold:   204        SH:  0    Dex:  9    Spells: 5/5 levels left

rFire   + . .        t - +1 dagger (speed)
rCold   x . .        (no shield)
rNeg    . . .        n - +0 plate armour
rPois   .            (helmet restricted)
rElec   .            m - +0 cloak
rCorr   .            (no gloves)
SInv    .            (no boots)
Will    .....        (no amulet) Stlth
                     e - ring of fire
HPRegen 0.29/turn    j - +6 ring of strength
MPRegen 0.09/turn

%: no passive effects
@: lethally poisoned (0 -> -4)
A: horns 2, retaliatory headbutt
a: Renounce Religion, Berserk, Trog's Hand


You were on level 5 of the Dungeon.
You worshipped Trog.
Trog was most pleased with you.
You visited 1 branch of the dungeon, and saw 5 of its levels.

You collected 204 gold pieces.

Inventory:

Hand Weapons
 a - a +0 falchion
 t - a +1 dagger of speed (weapon)
Missiles
 q - 2 poisoned darts
Armour
 m - a +0 cloak (worn)
 n - a +0 plate armour (worn)
Jewellery
 e - a ring of fire (left hand)
 j - a +6 ring of strength (right hand)
Scrolls
 c - a scroll of fear {unknown}
 d - a scroll of enchant armour {unknown}
 f - a scroll of blinking {unknown}
 g - 3 scrolls of teleportation {unknown}
 h - 3 scrolls of fog {unknown}
 k - 2 scrolls of identify {unknown}
 r - a scroll of revelation {unknown}
 w - a scroll of silence {unknown}
Potions
 b - a potion of cancellation {unknown}
 i - a potion of heal wounds {unknown}
 l - a potion of lignification {unknown}
 o - a potion of magic {unknown}
 p - a potion of attraction {unknown}
 s - a potion of might {unknown}
 u - a potion of berserk rage {unknown}
 v - 2 potions of curing


   Skills:
 + Level 5.1 Fighting
 + Level 0.1(3.4) Short Blades
 + Level 6.2 Long Blades
 + Level 5.0 Armour
 + Level 3.7 Dodging
 + Level 0.9 Stealth


You had 5 spell levels left.
You didn't know any spells.
Your spell library was empty.

Dungeon Overview and Level Annotations

Branches:
Dungeon (5/15)
 Temple: D:4-7

Altars:
Fedhas
The Shining One


Innate Abilities, Weirdness & Mutations

You have a pair of horns on your head.
You reflexively headbutt those who attack you in melee.


Message History

You are confused.
The water moccasin barely misses you.
You hit the water moccasin but do no damage.
The water moccasin is heavily wounded.
You feel sick.
The iguana bites you but does no damage.
The centaur throws an atropa-tipped dart.
The atropa-tipped dart hits you.
You are more confused.
The water moccasin bites you.
* * * LOW HITPOINT WARNING * * *
* * * LOW HITPOINT WARNING * * *
You feel very sick. The water moccasin bites you.
* * * LOW HITPOINT WARNING * * *
* * * LOW HITPOINT WARNING * * *
You feel sick. The water moccasin barely misses you.
You hit the iguana but do no damage.
The iguana is heavily wounded.
You feel less confused.
* * * LOW HITPOINT WARNING * * *
You feel sick. The iguana barely misses you.
* * * LOW HITPOINT WARNING * * *
You feel sick.
The water moccasin attacks as it pursues you!
The water moccasin bites you.
* * * LOW HITPOINT WARNING * * *
The water moccasin bites you but does no damage.
You hit the water moccasin.
The water moccasin is heavily wounded.
* * * LOW HITPOINT WARNING * * *
You feel sick.
You closely miss the water moccasin.
Your headbutt misses the water moccasin.
The water moccasin is heavily wounded.
The water moccasin bites you but does no damage.
The iguana misses you.
You closely miss the water moccasin.
The water moccasin is heavily wounded.
You die...

#..........
#..........
..........
#.........
#.>......$
#.c.......
#..##....#
#lS# .##
#.@## #...#
##..# #..#
#..# #..#
#..# #..#
#..###


You could see a water moccasin, a centaur and an iguana.

Vanquished Creatures
  A centaur (D:5)
  2 scorpions
  2 howler monkeys
  A hound (D:4)
  A gnoll (D:1)
  8 adders
  2 worms
  5 dart slugs
  2 orcs (D:4)
  6 endoplasms
  6 giant cockroaches
  5 goblins
  5 hobgoblins
  3 jackals (D:1)
  5 quokkas
  6 ball pythons
  2 bats (D:1)
  4 frilled lizards
  9 kobolds
  5 rats
80 creatures vanquished.

Notes
Turn   | Place    | Note
-------+----------+-------------------------------------------
     0 | D:1      | Curundu the Minotaur Berserker began the quest for the Orb.
     0 | D:1      | Reached XP level 1. HP: 19/19 MP: 0/0
   229 | D:1      | Reached XP level 2. HP: 14/27 MP: 1/1
   230 | D:1      | Found a faded altar of an unknown god.
   290 | D:1      | Reached skill level 4 in Long Blades
   821 | D:1      | Reached XP level 3. HP: 5/33 MP: 2/2
   823 | D:1      | Reached ** piety under Trog
  1526 | D:2      | Reached skill level 5 in Long Blades
  1557 | D:2      | Reached XP level 4. HP: 37/40 MP: 3/3
  2926 | D:4      | Found a glowing golden altar of the Shining One.
  2926 | D:4      | Found a blossoming altar of Fedhas.
  2928 | D:4      | Noticed a scorpion
  2935 | D:4      | Killed a scorpion
  2936 | D:4      | Reached XP level 5. HP: 42/47 MP: 4/4
  3144 | D:4      | Reached XP level 6. HP: 28/55 MP: 5/5
  3170 | D:4      | Reached *** piety under Trog
  3594 | D:5      | Entered Level 5 of the Dungeon
  3615 | D:5      | Reached skill level 5 in Fighting
  3615 | D:5      | Reached skill level 6 in Long Blades
  3841 | D:5      | Reached skill level 5 in Armour
  3858 | D:5      | Noticed a water moccasin
  3875 | D:5      | HP: 2/56 [water moccasin (1)]
  3878 | D:5      | Succumbed to a water moccasin's poison

Illustrated notes

Levels and vault maps discovered:
D:1:      dpeg_arrival_boxes_within_box, layout_loops_corners,
          hellmonk_ecumenical_altar_lost_god
D:2:      layout_basic
D:3:      layout_rooms
D:4:      layout_rooms, nicolae_overflow_two_pavilions
D:5:      layout_cave_pods, temple_hall_moat

Skill      XL: |  1  2  3  4  5  6 |
---------------+-------------------+-----
Long Blades    | 4 5 6 |  6.2
Fighting       | 4 5 |  5.1
Armour         | 3 4 5 |  5.0
Dodging        | 3 |  3.7
Short Blades   | |  0.1
Stealth        | |  0.9

Action                     |  1- 3 |  4- 6 || total
---------------------------+-------+-------++-------
  Melee: Falchion          |    81 |   135 ||   216
         Headbutt          |     8 |    26 ||    34
         Punch             |     1 |     1 ||     2
         Dagger            |       |    47 ||    47
    Use: Potion            |     1 |       ||     1
 Armour: Animal skin       |    27 |       ||    27
         Scale mail        |    31 |    24 ||    55
         Plate armour      |       |   140 ||   140
  Dodge: Dodged            |    51 |   100 ||   151

Table legend: (Time is in decaauts)
 A = Elapsed time spent in this place.
 B = Non-inter-level travel time spent in this place.
 C = Inter-level travel time spent in this place.
 D = Time resting spent in this place.
 E = Time spent auto-exploring this place.
 F = Levels seen in this place.
 G = Mean time per level.
                   A        B        C        D        E       F      G
               +--------+--------+--------+--------+--------+-----+--------+
         Total |   3867 |   3867 |      0 |      0 |   2750 |   5 |  773.4 |
       Dungeon |   3867 |   3867 |      0 |      0 |   2750 |   5 |  773.4 |
               +--------+--------+--------+--------+--------+-----+--------+

Top non-repeatable levels by time:
     D:1: 1478 daAuts
     D:2: 945 daAuts
     D:4: 706 daAuts
     D:3: 468 daAuts
     D:5: 269 daAuts
